 Dungeon Crawl Stone Soup version 0.29.1-2-gbd0b4ee654 (webtiles) character file.

Game seed: 1250400123230239647

106 DildoBatman the Conjurer (level 5, -3/36 (38) HPs)
             Began as a Formicid Conjurer on Dec 1, 2022.
             Slain by Eustachio
             ... wielding a +0 rapier
              (6 damage)
             ... on level 3 of the Dungeon.
             The game lasted 00:05:23 (1989 turns).

DildoBatman the Conjurer (Formicid Conjurer)        Turns: 1989, Time: 00:05:23

HP:   -3/36 (38)    AC:  2    Str: 11    XL:     5   Next: 10%
MP:   9/9           EV: 12    Int: 20    God:
Gold: 143           SH:  0    Dex: 12    Spells: 7/10 levels left

rFire   . . .      SeeInvis +   m - +2 dagger (venom)
rCold   . . .      Faith    .   (no shield)
rNeg    . . .      Spirit   .   a - +0 robe
rPois   .          Reflect  .   (helmet unavailable)
rElec   .          Harm     .   (no cloak)
rCorr   .          Rampage  .   (no gloves)
Will    .....                   (no boots)
Stlth   ++........              (no amulet)
HPRegen 0.12/turn               (no ring)
MPRegen 0.11/turn               (no ring)

@: drained
A: permanent stasis, dig shafts and tunnels, antennae 3, four strong arms
a: Dig, Shaft Self


You were on level 3 of the Dungeon.
You visited 1 branch of the dungeon, and saw 4 of its levels.

You collected 143 gold pieces.

Inventory:

Hand Weapons
 d - a +0 dagger
 m - a +2 dagger of venom (weapon)
Missiles
 e - 24 stones
 o - 3 poisoned darts
 p - 6 boomerangs
Armour
 a - a +0 robe (worn)
Scrolls
 c - a scroll of identify
 g - 2 scrolls of blinking
 h - 2 scrolls of fog
 j - a scroll of fear {unknown}
 n - a scroll of teleportation {unknown}
Potions
 b - a potion of magic
 f - a potion of haste {unknown}
 i - a potion of curing {unknown}
 k - 2 potions of might {unknown}
 l - a potion of brilliance {unknown}


   Skills:
 * Level 2.1 Fighting
 * Level 2.1 Armour
 - Level 2.0 Dodging
 - Level 2.4 Stealth
 * Level 3.0 Spellcasting
 * Level 4.1 Conjurations


You had 7 spell levels left.
You knew the following spells:

 Your Spells              Type           Power      Damage    Failure   Level
a - Searing Ray           Conj           38%        2d5       4%          2
c - Magic Dart            Conj           76%        1d6       2%          1

Your spell library contained the following spells:

 Spells                   Type           Power      Damage    Failure   Level
 Static Discharge         Conj/Air       11%        3-5/arc   10%         2
 Dazzling Flash           Conj/Hex       22%        N/A       19%         3
 Confusing Touch          Hex            3%         N/A       38%         3
 Gell's Gravitas          Tloc           3%         N/A       38%         3
 Teleport Other           Tloc           3%         N/A       38%         3
 Fulminant Prism          Conj/Hex       5%         3d7       52%         4
 Iskenderun's Mystic Bla  Conj/Tloc      11%        2d4       52%         4
 Sticky Flame             Conj/Fire      11%        2d3       52%         4
 Dispel Undead            Necr           3%         3d7       80%         4
 Yara's Violent Unravell  Hex/Tmut       1%         3d3       98%         5
 Dispersal                Tloc           1%         N/A       100%        6
 Enfeeble                 Hex            1%         N/A       100%        7


Dungeon Overview and Level Annotations

Branches:
Dungeon (4/15)
 Temple: D:4-7

Altars:
Dithmenos
Fedhas

Annotations:
D:2 Natasha, Robin, Terence
D:3 1 exclusion, Eustachio


Innate Abilities, Weirdness & Mutations

You cannot be hasted, slowed, berserked, paralysed or teleported.
You can dig through walls and to a lower floor.
You have a pair of large antennae on your head. (SInv)
Your four strong arms can wield two-handed weapons with a shield.


Message History

The bat closely misses you. Eustachio hits you with a +0 rapier.
There is a stone staircase leading up, spattered with blood here.
The quokka bites you. The bat hits you but does no damage.
Eustachio hits you with a +0 rapier.
You climb upwards.
The bat disappears in a puff of smoke! x2
The quokka disappears in a puff of smoke!
Level annotation: 1 exclusion
There is a stone staircase leading down here.
Eustachio attacks as you move away! Eustachio hits you with a +0 rapier!
Eustachio attacks as you move away! Eustachio hits you with a +0 rapier.
Eustachio casts a spell.
Eustachio mumbles some strange words.
Eustachio blinks!
Eustachio attacks as you move away! Eustachio hits you with a +0 rapier.
Eustachio casts a spell.
Eustachio blinks!
The bat closely misses you.
You extend your mandibles.
You dig through the rock wall.
You feel drained. The bat hits you. The quokka barely misses you.
You retract your mandibles.
The river rat attacks as you move away! The river rat closely misses you.
Eustachio mumbles some strange words.
Eustachio blinks!
The quokka bites you. The bat completely misses you.
There is a stone staircase leading down here.
The bat hits you but does no damage. The bat hits you.
Eustachio hits you with a +0 rapier.
You die...

## #######. #....... #.......
#.....÷. ###### #.......
#....# #####.......
#########.##.#####...........
#.......§..b@.........<######
#.#######.#@r................
#.# #...r###.....#.###### #.#
#........#.....###
#.########.#########...÷.####
#..........# #####.....
############ #..... ##.....
#....##


You could see Eustachio, a river rat (summoned), a quokka (summoned) and a bat
(summoned).

Vanquished Creatures
  4 adders
  3 dart slugs
  2 worms (D:2)
  4 bats
  6 endoplasms
  4 giant cockroaches
  8 goblins
  8 hobgoblins
  2 jackals (D:1)
  A quokka (D:1)
  2 ball pythons (D:1)
  3 frilled lizards
  4 kobolds
  3 rats (D:1)
54 creatures vanquished.

Notes
Turn   | Place    | Note
-------+----------+-------------------------------------------
     0 | D:1      | DildoBatman the Formicid Conjurer began the quest for the
                  | Orb.
     0 | D:1      | Reached XP level 1. HP: 13/13 MP: 3/3
   322 | D:1      | Reached XP level 2. HP: 18/20 MP: 1/5
   325 | D:1      | Learned a level 2 spell: Searing Ray
   569 | D:1      | Reached skill level 1 in Fighting
   574 | D:1      | Reached skill level 1 in Armour
   574 | D:1      | Reached XP level 3. HP: 25/26 MP: 3/6
  1182 | D:2      | Reached XP level 4. HP: 32/32 MP: 3/8
  1197 | D:2      | Noticed Terence
  1323 | D:2      | Noticed Robin
  1382 | D:2      | Noticed Natasha
  1496 | D:2      | Reached skill level 4 in Conjurations
  1520 | D:2      | Identified the +3 whip of the Median {vorpal, Stlth+}
  1852 | D:3      | Reached XP level 5. HP: 38/38 MP: 5/9
  1948 | D:4      | Found a blossoming altar of Fedhas.
  1954 | D:4      | Found a shadowy altar of Dithmenos.
  1960 | D:4      | Noticed Eustachio
  1989 | D:3      | Slain by Eustachio

Illustrated notes

Levels and vault maps discovered:
D:1:      minmay_arrival_glassed_features, layout_basic, minivault_24
D:2:      kennysheep_six_static_rooms, layout_basic, uniq_robin, uniq_natasha,
          uniq_terence
D:3:      minmay_bubble_buster, layout_basic
D:4:      layout_rooms, okawaru_altar_gauntlet_db, mainiacjoe_overflow_alcove_1,
          mainiacjoe_overflow_catch_the_wave, uniq_blork_the_orc, uniq_eustachio

Skill      XL: |  1  2  3  4 |
---------------+-------------+-----
Dodging        | 2 |  2.0
Fighting       | 1 2 |  2.1
Armour         | 1 2 |  2.1
Conjurations   | 4 |  4.1
Spellcasting   | 3 |  3.0
Stealth        | |  2.4

Action                   |  1- 3 |  4- 6 || total
-------------------------+-------+-------++-------
Melee: Dagger            |    17 |     5 ||    22
       Unarmed           |     1 |       ||     1
 Cast: Magic Dart        |    39 |    29 ||    68
       Searing Ray       |     4 |     1 ||     5
 Abil: Dig               |     1 |     1 ||     2
  Use: Scroll            |       |     2 ||     2
 Stab: Sleeping          |     2 |     1 ||     3
Armor: Robe              |     3 |     7 ||    10
Dodge: Dodged            |    17 |    18 ||    35
